 Dungeon Crawl Stone Soup version 0.31-a0-728-g01b46875f1 (webtiles) character file.

Game seed: 464917869305722799

75 Newt the Trooper (level 4, -4/31 HPs)
             Began as a Gargoyle Fighter on Sept 11, 2023.
             Slain by a gnoll
             ... wielding a +0 halberd
              (7 damage)
             ... on level 2 of the Dungeon.
             The game lasted 00:01:40 (1176 turns).

Newt the Trooper (Gargoyle Fighter)                 Turns: 1176, Time: 00:01:42

Health: -4/31      AC: 10    Str: 22    XL:     4   Next: 31%
Magic:  4/4        EV:  9    Int:  8    God:
Gold:   97         SH:  4    Dex:  9    Spells: 3/3 levels left

rFire   . . .        a - +0 flail
rCold   . . .        c - +0 buckler
rNeg    + . .        b - +0 scale mail
rPois   ∞            (no helmet)
rElec   +            (no cloak)
rCorr   .            (no gloves)
SInv    .            (no boots)
Will    .....        (no amulet) Stlth
                     (no ring)
HPRegen 0.25/turn    (no ring)
MPRegen 0.09/turn

%: no passive effects
@: no status effects
A: sickness immunity, AC +3, negative energy resistance 1, electricity
resistance, torment resistance 1, petrification resistance
a: no special abilities


You were on level 2 of the Dungeon.
You visited 1 branch of the dungeon, and saw 2 of its levels.

You collected 97 gold pieces.

Inventory:

Hand Weapons
 a - a +0 flail (weapon)
Missiles
 n - 6 poisoned darts
Armour
 b - a +0 scale mail (worn)
 c - a +0 buckler (worn)
Jewellery
 i - a ring of magical power
Scrolls
 e - a scroll of identify
 f - a scroll of vulnerability {unknown}
Potions
 d - 2 potions of might
 g - a potion of enlightenment {unknown}
 j - a potion of lignification
 k - a potion of ambrosia {unknown}
 l - a potion of invisibility


   Skills:
 - Level 5.0 Fighting
 + Level 2.9 Maces & Flails
 - Level 3.2 Armour
 - Level 3.2 Shields


You had 3 spell levels left.
You didn't know any spells.
Your spell library was empty.

Dungeon Overview and Level Annotations

Branches:
Dungeon (2/15)

Altars:


Innate Abilities, Weirdness & Mutations

You are immune to sickness and miasma.
Your stone body is resilient. (AC +3)
You are immune to poison.
You resist negative energy. (rN+)
You are resistant to electric shocks. (rElec)
You are resistant to unholy torment.
You are immune to petrification.


Message History

The ball python grabs you. The ball python constricts you.
Unknown command.
The ball python's grasp on you weakens, but your attempt to escape fails.
You block the ball python's attack. The ball python constricts you.
You block the kobold's attack. The gnoll barely misses you.
A gnoll comes into view. It is wielding a +0 whip.
You escape the ball python's grasp.
The kobold attacks as it pursues you! The kobold hits you with a +0 dagger.
The gnoll hits you from afar with a +0 halberd.
The ball python attacks as it pursues you!
The ball python bites you but does no damage.
The ball python closely misses you.
A gnoll comes into view. It is wielding a +0 club.
The kobold attacks as it pursues you! The kobold hits you but does no damage.
The kobold attacks as it pursues you! The kobold barely misses you.
The ball python bites you but does no damage.
The ball python barely misses you.
The ball python attacks as it pursues you!
You block the ball python's attack. The ball python grabs you.
The ball python constricts you.
You sock the ball python!
You kill the ball python!
You block the gnoll's attack.
The gnoll shouts!
The gnoll hits you with a +0 halberd!
You hit the gnoll.
The gnoll is moderately wounded.
You block the gnoll's attack.
You barely miss the gnoll.
The gnoll is moderately wounded.
The gnoll shouts!
The gnoll closely misses you.
You closely miss the gnoll.
The gnoll is moderately wounded.
The gnoll hits you with a +0 halberd. The gnoll hits you with a +0 halberd!
* * * LOW HITPOINT WARNING * * *
You barely miss the gnoll.
The gnoll is moderately wounded.
The gnoll hits you with a +0 halberd!
You die...

*,,,,....,**.g.,* *,***,***
,,,,,.....**#.#,*********,**,,,,,
*,,,,.....###:#,,,,,,,,,*,***,***
*,,,,.........#********,*,* ***
,,,,,.........# *,*,*
*,,,,.........## *,*,*
*****..#....)g.# #.#,*
*,,,,.......)gg########.#.#
*,**,#.#.##.##Kg@....##.#.#
,,**,#,#*,#.#.######.##.#.#
****,,,,**...#* #.##.#.#
,,,,,,,,,....* #.##.#.#
,***,,,,###.,* #.##.#.#
,***,,,,,*#.,* ##....#.#
,*,,,***,,.,,*#####...#..<#
,,,,,* *,,,,,,..........###
,*,,,***,*,,,*,##.#.#.###


You could see 3 gnolls, a hobgoblin and a kobold.

Vanquished Creatures
  3 adders (D:2)
  A worm (D:2)
  2 dart slugs
  4 ball pythons
  2 endoplasms (D:1)
  A giant cockroach (D:2)
  10 goblins
  3 hobgoblins
  4 bats
  3 frilled lizards (D:1)
  3 kobolds
  5 rats
41 creatures vanquished.

Notes
Turn   | Place    | Note
-------+----------+-------------------------------------------
     0 | D:1      | Newt the Gargoyle Fighter began the quest for the Orb.
     0 | D:1      | Reached XP level 1. HP: 14/14 MP: 1/1
    98 | D:1      | Reached XP level 2. HP: 18/20 MP: 2/2
   126 | D:1      | Reached skill level 4 in Fighting
   341 | D:1      | Found a faded altar of an unknown god.
   573 | D:1      | Reached XP level 3. HP: 24/24 MP: 3/3
   838 | D:2      | Reached skill level 5 in Fighting
   854 | D:2      | Reached XP level 4. HP: 22/31 MP: 4/4
  1176 | D:2      | Slain by a gnoll

Illustrated notes

Levels and vault maps discovered:
D:1:      dpeg_arrival_orchard, layout_basic, ebering_ecumenical_altar_box,
          minmay_misc_feat_chi, minmay_surrounded
D:2:      layout_loops_ring, grunt_ministairs_15, minmay_octomino_j4,
          uniq_sigmund

Skill      XL: |  1  2  3 |
---------------+----------+-----
Fighting       | 4 5 |  5.0
Maces & Flails | |  2.9
Armour         | |  3.2
Shields        | |  3.2

Action                     |  1- 3 |  4- 6 || total
---------------------------+-------+-------++-------
  Melee: Flail             |    83 |    43 ||   126
    Use: Scroll            |     6 |       ||     6
 Armour: Scale mail        |    55 |    34 ||    89
  Dodge: Dodged            |    49 |    19 ||    68
  Block: Buckler           |    16 |    13 ||    29

Table legend: (Time is in decaauts)
 A = Elapsed time spent in this place.
 B = Non-inter-level travel time spent in this place.
 C = Inter-level travel time spent in this place.
 D = Time resting spent in this place.
 E = Time spent auto-exploring this place.
 F = Levels seen in this place.
 G = Mean time per level.
                   A        B        C        D        E       F      G
               +--------+--------+--------+--------+--------+-----+--------+
         Total |   1215 |   1162 |     53 |     90 |    783 |   2 |  607.5 |
       Dungeon |   1215 |   1162 |     53 |     90 |    783 |   2 |  607.5 |
               +--------+--------+--------+--------+--------+-----+--------+

Top non-repeatable levels by time:
     D:1: 735 daAuts
     D:2: 480 daAuts
